Map: Magannatha LE

Players

Geralt (Gerald) - Winner!

  • Race: Protoss Protoss
  • League: Grandmaster
  • Spawn Location: 5:00

Moja

  • Race: Terran Terran
  • League: Grandmaster
  • Spawn Location: 11:00

Event: HomeStory Cup XXVII

VOD

Have the link to the VOD?

Description

Time

  • Played on: June 28, 2025, 8:43 a.m.
  • Length: 12:15
Show
View Real Time Build Order
Export as new Build Order

Geralt Protoss - Winner!

Build Orders: 1 Gate Expand, Blink Stalkers 

Get SALT Encoding   

  12  0:00  Probe  
  13  0:12  Probe  
  14  0:17  Pylon  
  14  0:23  Probe  
  15  0:31  Probe  
  16  0:36  Gateway  
  16  0:39  Probe  
  16  0:45  Assimilator  
  17  0:51  Probe  
  18  1:03  Probe  
  19  1:15  Probe  
  20  1:24  Cybernetics Core  
  20  1:27  Probe  
  21  1:33  Nexus  
  21  1:41  Pylon  
  21  1:45  Probe  
  22  1:48  Assimilator  
  22  1:49  Stalker  
  22  1:58  Probe  
  25  2:03  Warp Gate  
  25  2:10  Probe, Adept  
  26  2:22  Probe  
  28  2:28  Shield Battery  
  28  2:34  Probe  
  29  2:40  Twilight Council  
  29  2:46  Probe  
  29  2:47  Probe  
  29  2:50  Sentry  
  33  2:58  Probe, Blink  
  33  2:59  Probe  
  35  3:10  Probe, Stalker  
  35  3:11  Gateway, Probe  
  37  3:21  Gateway  
  37  3:22  Probe  
  37  3:23  Probe  
  39  3:35  Shield Battery, Probe  
  39  3:37  Probe  
  39  3:38  Stalker  
  43  3:47  Probe  
  44  3:56  Probe  
  44  3:59  Pylon  
  45  4:03  Probe  
  46  4:12  Nexus  
  46  4:13  Pylon  
  46  4:17  Probe  
  46  4:18  Robotics Facility  
  46  4:22  Probe  
  48  4:30  Stalker x2  
  53  4:35  Pylon  
  53  4:36  Stalker  
  54  4:40  Charge  
  54  4:43  Shield Battery  
  54  4:45  Pylon  
  55  4:52  Probe  
  55  4:53  Gateway  
  55  4:56  Stalker  
  55  4:57  Stalker  
  59  5:02  Probe  
  59  5:04  Probe  
  61  5:09  Assimilator  
  61  5:13  Observer  
  61  5:19  Probe  
  62  5:22  Probe  
  62  5:25  Probe  
  64  5:30  Forge  
  64  5:31  Probe  
  63  5:41  Stalker x3  
  67  5:44  Shield Battery  
  67  5:45  Probe  
  67  5:46  Shield Battery  
  67  5:47  Probe x2  
  68  5:57  Zealot  
  68  6:00  Probe  
  71  6:07  Zealot x3  
  75  6:17  Probe  
  76  6:19  Zealot  
  76  6:20  Protoss Ground Armor Level 1, Probe x2  
  80  6:30  Probe  
  80  6:31  Stalker x2, Zealot  
  79  6:36  Probe  
  79  6:39  Probe  
  75  6:42  Probe  
  75  6:44  Gateway  
  76  6:48  Probe, Templar Archives  
  76  6:49  Gateway x2  
  76  6:50  Zealot  
  76  6:51  Probe  
  76  6:52  Gateway, Zealot  
  76  6:54  Probe  
  83  6:55  Zealot x2  
  83  7:10  Probe  
  83  7:11  Probe  
  83  7:12  Zealot  
  87  7:16  Psionic Storm  
  87  7:23  Probe  
  87  7:25  Probe, Nexus  
  87  7:27  Observer, Pylon  
  86  7:32  High Templar, Zealot x2  
  86  7:33  Zealot  
  93  7:39  Pylon  
  93  7:41  Pylon  
  93  7:43  Assimilator  
  93  7:45  Probe x2  
  93  7:50  Probe, Stalker x2  
  100  7:54  Immortal  
  100  7:59  Probe  
  100  8:04  Zealot x6  
  117  8:09  Protoss Ground Weapons Level 1  
  117  8:11  Photon Cannon  
  117  8:14  Pylon, Photon Cannon  
  117  8:18  Pylon  
  117  8:19  Probe  
  117  8:20  Warp Prism  
  117  8:21  Shield Battery  
  117  8:27  Forge  
  117  8:32  Probe x2  
  117  8:33  High Templar  
  117  8:34  High Templar  
  125  8:37  Zealot x4  
  125  8:38  Archon  
  125  8:39  Probe  
  135  8:44  Probe  
  135  8:47  Photon Cannon  
  135  8:50  Pylon  
  135  8:53  High Templar, Zealot  
  139  8:57  Pylon  
  139  9:01  Nexus  
  136  9:04  Zealot  
  136  9:05  Zealot x2  
  140  9:22  Probe  
  137  9:26  Probe  
  137  9:27  Probe x2  
  137  9:29  Gateway  
  138  9:33  Stalker x2  
  138  9:34  Stalker x3  
  142  9:44  Zealot x3  
  142  9:46  Probe x2  
  142  9:47  Probe x2  
  142  9:49  Stargate, Protoss Ground Armor Level 2  
  142  9:51  Stargate  
  142  9:52  Zealot x3  
  152  10:00  Probe  
  153  10:08  Probe, Photon Cannon  
  153  10:11  Shield Battery  
  154  10:20  High Templar  
  154  10:21  Probe  
  155  10:41  Void Ray x2  
  153  10:43  Zealot x8  
  165  10:55  Immortal  
  149  11:06  Gateway  
  149  11:07  Gateway  
  149  11:08  High Templar, Zealot x8  
  149  11:09  Gateway  
  167  11:15  Gateway  
  163  11:20  Probe  
  163  11:22  Void Ray  
  162  11:35  Zealot x8  
  162  11:37  Probe  
  145  11:45  Probe  
  145  11:46  Zealot  
  130  11:56  Zealot x7  
  130  11:57  Probe  
  130  11:58  Probe  
  130  12:00  Shield Battery  
  144  12:01  Shield Battery  
  144  12:03  Pylon  
Show
View Real Time Build Order
Export as new Build Order

Moja Terran 

Build Orders: Cyclone Opening, Mech 

Get SALT Encoding   

  12  0:00  SCV  
  13  0:12  SCV  
  14  0:16  Supply Depot  
  14  0:24  SCV  
  15  0:38  SCV  
  15  0:39  Barracks  
  16  0:43  Refinery  
  16  0:50  SCV  
  16  0:52  Refinery  
  17  1:02  SCV  
  18  1:14  SCV  
  19  1:26  Orbital Command, Reaper  
  19  1:27  Supply Depot  
  20  1:41  Factory  
  20  1:52  SCV  
  21  2:00  Barracks Tech Lab  
  21  2:04  SCV  
  22  2:15  Command Center  
  22  2:18  SCV  
  23  2:30  Cyclone, SCV  
  27  2:42  Starport, SCV  
  28  2:47  Supply Depot  
  28  2:52  Barracks Reactor  
  28  2:54  SCV  
  29  3:09  SCV  
  29  3:22  SCV  
  30  3:27  Cloaking Field  
  30  3:28  Refinery, Banshee, Marine x2  
  30  3:32  Factory Tech Lab  
  35  3:34  SCV  
  36  3:46  Marine, SCV  
  36  3:47  Orbital Command, Marine  
  39  3:54  Siege Tank  
  42  3:58  SCV  
  43  4:04  Supply Depot  
  43  4:09  Marine x2  
  44  4:11  Banshee  
  44  4:15  SCV x2  
  49  4:26  Siege Tank  
  49  4:27  Supply Depot  
  49  4:29  SCV x2  
  54  4:32  Hyperflight Rotors  
  54  4:35  Marine x2  
  56  4:41  SCV x2  
  56  4:43  Refinery  
  58  4:46  Supply Depot  
  58  4:54  Banshee, Marine x2  
  58  4:57  SCV  
  64  5:02  SCV  
  65  5:09  Supply Depot  
  65  5:10  SCV  
  65  5:12  Siege Tank  
  69  5:14  SCV  
  69  5:16  Marine x2  
  71  5:37  SCV  
  71  5:39  Banshee, Marine  
  71  5:40  Marine  
  71  5:41  SCV  
  75  5:44  Siege Tank  
  78  5:50  Factory  
  78  5:52  SCV  
  79  5:57  Marine x2, SCV  
  82  6:05  Factory  
  82  6:11  SCV  
  80  6:15  Marine x2  
  80  6:16  Siege Tank  
  82  6:26  SCV  
  82  6:29  SCV  
  82  6:31  Banshee  
  74  6:38  SCV  
  74  6:39  Command Center  
  64  6:41  SCV  
  64  6:44  Armory  
  65  6:48  Siege Tank  
  65  6:49  Hellion x2  
  72  6:55  Supply Depot, Factory Tech Lab  
  72  6:59  SCV x2  
  71  7:11  SCV x2  
  71  7:13  Hellion  
  71  7:14  Hellion, Siege Tank, Infernal Pre-Igniter  
  71  7:15  Mag-Field Accelerator  
  80  7:17  Banshee  
  81  7:23  SCV  
  81  7:25  SCV  
  81  7:29  Siege Tank  
  84  7:35  SCV  
  84  7:36  Hellion x2  
  87  7:37  SCV  
  88  7:48  Siege Tank  
  88  7:49  SCV x2  
  88  7:50  Terran Vehicle Weapons Level 1  
  93  8:00  Banshee  
  93  8:01  SCV x2  
  98  8:05  Siege Tank  
  98  8:06  Hellbat x2  
  98  8:10  Supply Depot  
  98  8:12  Supply Depot  
  105  8:13  Supply Depot  
  105  8:15  Supply Depot  
  105  8:26  Siege Tank  
  108  8:29  Orbital Command  
  108  8:30  SCV  
  108  8:32  SCV  
  110  8:37  Hellbat x2  
  110  8:38  Siege Tank  
  110  8:41  Refinery  
  117  8:43  Banshee, SCV  
  117  8:46  Refinery  
  121  8:49  SCV  
  122  8:55  SCV  
  122  8:56  Factory  
  122  8:57  Factory  
  123  9:03  Siege Tank  
  123  9:04  Hellbat x2  
  123  9:08  SCV x3  
  136  9:25  Hellbat  
  136  9:27  SCV x2  
  140  9:38  Cyclone  
  140  9:42  Cyclone  
  140  9:44  Factory Reactor, Factory Tech Lab  
  143  9:48  Viking  
  143  9:52  Hellion x2  
  146  9:55  SCV x3  
  146  9:58  Command Center  
  149  10:03  Cyclone  
  152  10:10  SCV  
  152  10:11  Cyclone  
  152  10:13  SCV  
  157  10:23  Hellion  
  157  10:25  Supply Depot x3  
  159  10:28  Cyclone  
  159  10:29  Hellion  
  159  10:32  Banshee  
  159  10:33  Hellion x2  
  163  10:43  Hellion  
  163  10:47  Cyclone  
  141  11:08  Cyclone, Hellion  
  123  11:20  Cyclone  
  123  11:21  Hellion  
  123  11:27  Cyclone  
  123  11:28  Hellion  
  124  11:39  Hellion  
  100  11:40  Cyclone  
  100  11:45  Hellion  
Tags
 
Add a new tag
Caveats
  • Supply blocks, unpowered buildings, or Contaminate may cause inaccurate times.
  • Supply counts are checked every 10 seconds.